 Dungeon Crawl Stone Soup version 0.29.1-14-g9c671dbff4 (webtiles) character file.

Game seed: 5375247246103764020

16 javelincjr the Magician (level 2, 0/21 HPs)
             Began as a Djinni Conjurer on Feb 13, 2023.
             Slain by Sigmund
             ... wielding a +0 scythe
              (8 damage)
             ... on level 2 of the Dungeon.
             The game lasted 00:01:40 (1110 turns).

javelincjr the Magician (Djinni Conjurer)           Turns: 1110, Time: 00:01:41

Health: 0/21       AC:  2    Str:  6    XL:     2   Next: 75%
Gold:   37         EV: 12    Int: 19    God:
                   SH:  0    Dex: 11

rFire   + + .      SeeInvis .   i - +2 whip (venom)
rCold   x . .      Faith    .   (no shield)
rNeg    . . .      Spirit   .   a - +0 robe
rPois   ∞          Reflect  .   (no helmet)
rElec   .          Harm     .   (no cloak)
rCorr   .          Rampage  .   (no gloves)
Will    .....                   (boots unavailable)
Stlth   ++........              (no amulet)
HPRegen 0.07/turn               (no ring)
MPRegen 0.00/turn               (no ring)

@: flying
A: sickness immunity, fire resistance 2, cold vulnerability 1, float, innate
caster, HP casting, extra vitality 1
a: no special abilities


You were on level 2 of the Dungeon.
You visited 1 branch of the dungeon, and saw 2 of its levels.

You collected 37 gold pieces.

Inventory:

Hand Weapons
 f - a +0 short sword
 i - a +2 whip of venom (weapon)
Armour
 a - a +0 robe (worn)
Scrolls
 b - 2 scrolls of identify {unknown}
 d - a scroll of amnesia {unknown}
 g - a scroll of enchant weapon {unknown}
 j - a scroll of vulnerability {unknown}
Potions
 c - a potion of resistance {unknown}
 e - 3 potions of degeneration {unknown}
 h - a potion of heal wounds {unknown}


   Skills:
 + Level 2.2 Dodging
 + Level 1.5 Stealth
 + Level 3.7 Spellcasting


You couldn't memorise any spells.
You knew the following spells:

 Your Spells              Type           Power      Damage    Failure   Level
a - Magic Dart            Conj           68%        1d6       3%          1
b - Searing Ray           Conj           34%        2d5       4%          2
c - Dazzling Flash        Conj/Hex       34%        N/A       9%          3
d - Fulminant Prism       Conj/Hex       8%         3d7       30%         4
e - Iskenderun's Mystic   Conj/Tloc      17%        2d5       30%         4
Your spell library was empty.

Dungeon Overview and Level Annotations

Branches:
Dungeon (2/15)

Altars:

Annotations:
D:2 Sigmund


Innate Abilities, Weirdness & Mutations

You are immune to sickness and miasma.
You are immune to poison.
Your flesh is very heat resistant. (rF++)
You are vulnerable to cold. (rC-)
You float through the air rather than walking.
You learn spells naturally, not from books.
Your magical power is your life essence.
You have superior vitality. (+4 MHP)


Message History

b - 2 scrolls labelled LUBBICASES (gained 1)
e - 3 cyan potions (gained 2)
Found a book of Necromancy.
You see here a +0 club.
Done exploring.
Done exploring.
There is an escape hatch in the floor here.
You fly downwards.
The hatch slams shut behind you.
Found 12 gold pieces and a mace.
You see here 12 gold pieces.
An endoplasm comes into view.
Sigmund shouts!
You see here a +0 mace.
Sigmund zaps a wand.
The puff of flame hits you. You resist.
Sigmund zaps a wand.
The puff of flame hits you. You resist. Sigmund casts a spell at you.
The magic dart hits you.
You closely miss Sigmund. Sigmund hits you but does no damage.
You barely miss Sigmund. You hit Sigmund.
Sigmund is poisoned.
Sigmund is lightly wounded.
Sigmund zaps a wand.
The puff of flame hits you. You resist.
You hit Sigmund.
Sigmund is moderately wounded.
Sigmund hits you but does no damage.
You closely miss Sigmund.
Sigmund is moderately wounded.
Sigmund closely misses you.
You barely miss Sigmund.
Sigmund is heavily wounded.
Sigmund barely misses you.
You hit Sigmund.
Sigmund looks as sick as possible!
Sigmund is heavily wounded.
You closely miss Sigmund.
Sigmund is heavily wounded.
Sigmund closely misses you.
You barely miss Sigmund.
Sigmund is severely wounded.
Sigmund hits you with a +0 scythe!
You die...

#.# #.# #.#
##.## ... ##.
#.#
.....######.##
#......$..@.#
#...#######@#
#. #.# #.# #.#
#.# #.# #.#
... ...


You could see Sigmund (extremely poisoned).

Vanquished Creatures
  3 endoplasms (D:1)
  2 giant cockroaches (D:1)
  A ball python (D:1)
  3 bats (D:1)
  A frilled lizard (D:1)
  A goblin (D:1)
  3 kobolds (D:1)
  3 rats (D:1)
17 creatures vanquished.

Notes
Turn   | Place    | Note
-------+----------+-------------------------------------------
     0 | D:1      | javelincjr the Djinni Conjurer began the quest for the Orb.
     0 | D:1      | javelincjr set off with the following spells memorised:
                  | Magic Dart, Searing Ray, Dazzling Flash, Fulminant Prism,
                  | Iskenderun's Mystic Blast.
     0 | D:1      | Reached XP level 1. HP: 15/15 MP: 0/0
   279 | D:1      | Reached XP level 2. HP: 18/21 MP: 0/0
  1088 | D:2      | Noticed Sigmund
  1110 | D:2      | Slain by Sigmund

Illustrated notes

Levels and vault maps discovered:
D:1:      wander_arrival_chamber, layout_loops_ring
D:2:      layout_loops_ring, basic_altar, uniq_terence, uniq_sigmund

Action                   || total
-------------------------++-------
Melee: Whip              ||     9
 Cast: Magic Dart        ||    36
Armor: Robe              ||     5
Dodge: Dodged            ||     9
